 Dungeon Crawl Stone Soup version 0.23.0-3-gf3c87f2 (webtiles) character file.

Game seed: 4959986611721034480

39 Borgoz the Skirmisher (level 3, -4/23 HPs)
             Began as a Gargoyle Monk on Feb 23, 2019.
             Killed from afar by Natasha (10 damage)
             ... with a magic dart
             ... on level 2 of the Dungeon.
             The game lasted 00:02:01 (1203 turns).

Borgoz the Skirmisher (Gargoyle Monk)               Turns: 1203, Time: 00:02:02

Health: -4/23      AC:  6    Str: 14    XL:     3   Next: 45%
Magic:  3/3        EV: 12    Int: 10    God:
Gold:   45         SH:  0    Dex: 13    Spells: 2/2 levels left

rFire    . . .     SeeInvis .   a - +0 short sword
rCold    . . .     Gourm    .   (no shield)
rNeg     + . .     Faith    .   i - +0 leather armour
rPois    ∞         Spirit   .   (no helmet)
rElec    +         Reflect  .   (no cloak)
rCorr    .         Harm     .   (no gloves)
MR       .....                  (no boots)
Stlth    ++........             (no amulet)
HPRegen  0.07/turn              (no ring)
MPRegen  0.08/turn              (no ring)

@: slowed, very slow
A: negative energy resistance 1, electricity resistance, unbreathing,
petrification resistance, rot immunity, AC +3
a: no special abilities


You were on level 2 of the Dungeon.
You were not hungry.

You visited 1 branch of the dungeon, and saw 2 of its levels.

You collected 45 gold pieces.

Inventory:

Hand Weapons
 a - a +0 short sword (weapon)
Armour
 i - a +0 leather armour (worn)
Wands
 f - a wand of digging (4)
Scrolls
 b - a scroll of blinking {unknown}
 e - a scroll of noise {unknown}
 g - 3 scrolls of identify {unknown}
 h - a scroll of remove curse {unknown}
Comestibles
 c - a ration
 j - 2 chunks of flesh


   Skills:
 + Level 3.5 Fighting
 * Level 3.1 Short Blades
 + Level 0.7 Armour
 * Level 2.8 Dodging
 * Level 2.9 Stealth


You had 2 spell levels left.
You didn't know any spells.
Your spell library was empty.

Dungeon Overview and Level Annotations

Branches:
Dungeon (2/15)

Altars:

Annotations:
D:2 Natasha


Innate Abilities, Weirdness & Mutations

You are resistant to torment.
Your stone body is resilient. (AC +3)
You are immune to poison.
You resist negative energy. (rN+)
You are resistant to electric shocks. (rElec)
You can survive without breathing.
You are immune to petrification.
You are immune to rotting.


Message History

You barely miss Natasha.
Natasha is moderately wounded.
Natasha claws you.
You bump into the rock wall.
Natasha claws you.
You closely miss Natasha.
Natasha is moderately wounded.
Natasha mumbles some strange words.
Natasha stares at you and mumbles some strange words.
The magic dart hits you.
You bump into the rock wall.
Natasha claws you!
You feel less invigorated.
You feel less confused. Natasha claws you. The crimson imp barely misses you.
Natasha claws you!
You closely miss the crimson imp.
The crimson imp blinks!
Natasha claws you.
* * * LOW HITPOINT WARNING * * *
You barely miss Natasha.
Natasha is lightly wounded.
Natasha casts a spell at you. The magic dart hits you!
You die...

# ..)...... ...#.# #
..#........##<#.####.#
# #
#########..........# #
#### ##..#......###
...##.. ##.###.#
##..#.# ##.# ... ###
.....# #..# ....
.....##§h###.#####....
#...@..............
.....####.5..#####...
### ###.........
##.#####.. #.# #.# #.#
#.# ..#


You could see Natasha and a crimson imp.

Vanquished Creatures
  An ooze (D:1)
  A worm (D:2)
  2 dart slugs (D:1)
  4 bats
  3 giant cockroaches (D:1)
  A goblin (D:1)
  2 hobgoblins
  4 jackals (D:1)
  3 kobolds (D:1)
  A ball python (D:1)
  2 frilled lizards (D:1)
  5 rats (D:1)
29 creatures vanquished.

Notes
Turn   | Place    | Note
-------+----------+-------------------------------------------
     0 | D:1      | Borgoz the Gargoyle Monk began the quest for the Orb.
     0 | D:1      | Reached XP level 1. HP: 14/14 MP: 1/1
   121 | D:1      | Reached XP level 2. HP: 19/19 MP: 2/2
   426 | D:1      | Reached XP level 3. HP: 14/23 MP: 3/3
  1190 | D:2      | Noticed Natasha
  1203 | D:2      | Killed from afar by Natasha

Skill      XL: |  1  2 |
---------------+-------+-----
Short Blades   | 3 |  3.1
Fighting       | |  3.5
Armour         | |  0.7
Dodging        | |  2.8
Stealth        | |  2.9

Action                   || total
-------------------------++-------
Melee: Short sword       ||   130
  Use: Potion            ||     1
 Stab: Sleeping          ||     2
  Eat: Chunk             ||     1
Armor: Robe              ||    21
       Leather armour    ||     7
Dodge: Dodged            ||    86
